 Dungeon Crawl Stone Soup version 0.21.0-24-g2553a33 (webtiles) character file.

966 Gorglomux the Ruffian (level 8, -19/71 HPs)
             Began as a Ghoul Monk on Jan 20, 2018.
             Was a Believer of Okawaru.
             Killed from afar by an orc (23 damage)
             ... with a wand of acid (6)
             ... on level 5 of the Dungeon.
             The game lasted 00:08:26 (4721 turns).

Gorglomux the Ruffian (Ghoul Monk)                  Turns: 4721, Time: 00:08:27

Health: -19/71     AC: -2    Str: 17    XL:     8   Next: 15%
Magic:  9/9        EV: 10    Int:  5    God:    Okawaru [**....]
Gold:   198        SH:  4    Dex: 11    Spells: 7/7 levels left

rFire    . . .     SeeInvis .   g - +0 dagger (elec)
rCold    + + .     Gourm    .   U - +0 buckler
rNeg     + + +     Faith    .   P - +0 scale mail
rPois    ∞         Spirit   .   (no helmet)
rElec    .         Reflect  .   (no cloak)
rCorr    .         Harm     .   (no gloves)
MR       .....                  (no boots)
Stlth    +.........             (no amulet)
HPRegen  0.00/turn              x - ring of stealth
MPRegen  0.11/turn              c - ring of protection from cold

@: corroded, rotting
A: rotting body, claws 1, carnivore, cold resistance 1, negative energy
resistance 3, inhibited regeneration, torment resistance, unbreathing
a: Heroism, Renounce Religion


You were on level 5 of the Dungeon.
You worshipped Okawaru.
Okawaru was pleased with you.
You were not hungry.

You visited 2 branches of the dungeon, and saw 6 of its levels.
You also visited: Sewer.

You collected 198 gold pieces.

Inventory:

Hand Weapons
 g - a +0 dagger of electrocution (weapon)
Missiles
 Z - a throwing net (quivered)
Armour
 P - a +0 scale mail (worn)
 U - a +0 buckler (worn)
Jewellery
 c - a ring of protection from cold (right claw)
 x - a ring of stealth (left claw)
 X - a +3 amulet of reflection {unknown}
Scrolls
 f - 4 scrolls of remove curse
 n - a scroll of teleportation {unknown}
 o - 2 scrolls of amnesia {unknown}
 R - 7 scrolls of identify
 S - a scroll of enchant armour {unknown}
 V - 2 scrolls of torment {unknown}
Potions
 h - a potion of magic
 i - 3 potions of flight
 O - a potion of agility
 Q - 9 potions of curing
 T - 3 potions of brilliance
 W - 4 potions of heal wounds
 Y - a potion of haste {unknown}
Comestibles
 b - 9 rations
 N - 11 chunks of flesh


   Skills:
 - Level 6.7 Fighting
 - Level 2.6 Dodging
 - Level 2.1 Stealth
 + Level 3.0 Shields
 - Level 6.7 Unarmed Combat
 + Level 3.6 Invocations


You had 7 spell levels left.
You didn't know any spells.

Dungeon Overview and Level Annotations

Branches:
Dungeon (5/15)             Temple (1/1) D:4

Altars:
Ashenzari
Cheibriados
Dithmenos
Elyvilon
Fedhas
Kikubaaqudgha
Makhleb
Nemelex Xobeh
Okawaru
Qazlal
Ru
Sif Muna
Trog
Uskayaw
Vehumet
Wu Jian
Xom
Yredelemnul
Zin
The Shining One

Shops:
D:5 =


Innate Abilities, Weirdness & Mutations

Your body is rotting away.
You thrive on raw meat.
You are immune to poison.
You have sharp fingernails.
You are carnivorous and can eat meat at any time.
Your flesh is cold resistant. (rC+)
You are immune to negative energy. (rN+++)
You do not regenerate when monsters are visible.
You are immune to unholy pain and torment.
You can survive without breathing.


Message History

You skewer the orc butt do no damage!
The orc butts heavily wounded!
The orc barely misses you! The orc butt-ly misses you!
The orc zaps a wand!
The bolt of acid hits the orc!
The orc is butt with acid!
The orc dies!!!
The bolt of acid hits you!!! The acid corrodes you!!!
You are splashed with acid!!!
The acid burns!!!
Butt is a wand of acid (7)!
You perforate the orc but butt no damage!
Lightning courses through the orc!!!
You annihilate the orc!!!
Okawaru roars: BUTT!
The orc hits you with a short sword!
The orc zaps a wand!
The bolt of acid butts you!!! * * * don't die
* * * The acid corrodes you!!!
You are splashed with acid!!!
The acid burns!!! * * * don't die
* * * You are too injured to fight recklessly!!!
You are too injured to fight butt-ly!!!
The orc barely misses you!
The orc zaps a wand!
The bolt of acid hits you!!! rip

#...#............#...
#...#................
#....................
#...#.....))........#
#...#...............#
#
#...#...).####......#
...#.........#
#......#
......†.######
#......# ......o@#
#.(..... .......o#
#....... ........#
#....... ........#
#....... ........#
#####... ........#
#... ........# #...
...o....# #... #...


You could see 3 orcs.

Vanquished Creatures
  A phantom (D:4)
  An ogre (D:5)
  3 big kobolds (Sewer)
  2 scorpions (D:5)
  A howler monkey (D:4)
  A hound (D:4)
  A centaur skeleton (D:4)
  2 iguanas
  2 orc wizards (D:5)
  A worker ant (D:4)
  Terence (D:2)
  A howler monkey skeleton (D:5)
  12 adders
  6 oozes
  An adder skeleton (D:4)
  4 worms (D:2)
  4 dart slugs
  3 leopard geckos
  5 orcs
  4 ball pythons
  5 bats
  5 giant cockroaches
  4 hobgoblins
  A quokka (D:4)
  4 frilled lizards
  6 goblins
  14 kobolds
  3 rats
98 creatures vanquished.

Vanquished Creatures (others)
  An orc (D:5)
1 creature vanquished.

Grand Total: 99 creatures vanquished

Notes
Turn   | Place    | Note
-------+----------+-------------------------------------------
     0 | D:1      | Gorglomux the Ghoul Monk began the quest for the Orb.
     0 | D:1      | Reached XP level 1. HP: 19/19 MP: 0/0
   195 | D:1      | Reached XP level 2. HP: 18/25 MP: 1/1
   230 | D:1      | HP: 1/26 [goblin/dagger of electrocution (8)]
  1188 | D:1      | Reached XP level 3. HP: 31/33 MP: 2/2
  1336 | D:2      | Noticed Terence
  1353 | D:2      | Killed Terence
  1353 | D:2      | Reached XP level 4. HP: 30/41 MP: 3/3
  1902 | D:3      | Reached XP level 5. HP: 35/47 MP: 4/4
  1925 | D:3      | Found a glowing drain.
  2017 | Sewer    | Entered a sewer
  2176 | Sewer    | HP: 2/48 [kobold (4)]
  2190 | Sewer    | HP: 2/48 [kobold (4)]
  2565 | Sewer    | Noticed a big kobold
  2565 | Sewer    | Noticed a big kobold
  2582 | Sewer    | Killed a big kobold
  2582 | Sewer    | Reached XP level 6. HP: 27/57 MP: 5/5
  2899 | Sewer    | Reached skill level 6 in Fighting
  2899 | Sewer    | Reached skill level 6 in Unarmed Combat
  2946 | D:3      | Found a shattered altar of Ashenzari.
  3311 | D:4      | Found a staircase to the Ecumenical Temple.
  3329 | Temple   | Entered the Ecumenical Temple
  3433 | Temple   | Became a worshipper of Warmaster Okawaru
  3433 | Temple   | Reached * piety under Okawaru
  3433 | Temple   | Reached ** piety under Okawaru
  3474 | D:4      | Reached XP level 7. HP: 45/64 MP: 3/6
  4066 | D:4      | Reached skill level 1 in Shields
  4066 | D:4      | Reached skill level 1 in Invocations
  4184 | D:5      | Entered Level 5 of the Dungeon
  4193 | D:5      | Found Mussi's Jewellery Shop.
  4404 | D:5      | Reached skill level 3 in Invocations
  4404 | D:5      | Reached XP level 8. HP: 21/71 MP: 6/9
  4652 | D:5      | Reached skill level 3 in Shields
  4721 | D:5      | Killed from afar by an orc

Skill      XL: |  1  2  3  4  5  6  7  8 |
---------------+-------------------------+-----
Fighting       | 4 5 6 |  6.7
Unarmed Combat | 4 5 6 |  6.7
Shields        | 2 3 |  3.0
Invocations    | 3 |  3.6
Dodging        | |  2.6
Stealth        | |  2.1

Action                   |  1- 3 |  4- 6 |  7- 9 || total
-------------------------+-------+-------+-------++-------
Melee: Unarmed           |    28 |       |       ||    28
       Dagger            |    38 |   242 |   132 ||   412
       Punch             |       |     1 |     2 ||     3
Throw: Throwing net      |       |       |     1 ||     1
Invok: Heroism           |       |     1 |     2 ||     3
  Use: Potion            |     1 |     4 |       ||     5
       Scroll            |       |     6 |       ||     6
 Stab: Sleeping          |     4 |     4 |       ||     8
       Held in net/web   |       |       |     1 ||     1
  Eat: Chunk             |     6 |    40 |    11 ||    57
Armor: Robe              |    19 |    55 |     3 ||    77
       Scale mail        |       |       |    25 ||    25
Dodge: Dodged            |    35 |   205 |    85 ||   325
Block: Buckler           |       |       |    19 ||    19
